AoeStats
← kokliii

Black Forest

503335602Analyzed
4v4 RM · 1mo ago on Aug 31, 2026· 69m 37s· 8 players
Game mode
Random Map
Map size
Large (8 player)
Population
200
Speed
Normal
Resources
Standard
Victory
Conquest
Starting age
Dark Age
Ending age
Imperial Age
RankedLock teamsTeams togetherTeam positionsShared explorationLock speedFull tech treeHidden civsTurbo modeCheats
Victory
Defeat
🇱🇧 Bulgarians · Lebanon
757
+13
🇹🇷 Persians · Türkiye
756
+13
🇳🇮 Saracens · Nicaragua
753
+13
🇹🇷 Bohemians · Türkiye
749
+14
🇲🇽 Franks · Mexico
728
-15
🇺🇸 Bohemians · United States
718
-14
🇨🇴 Muisca · Colombia
709
-14
🇦🇷 Byzantines · Argentina
638
-11
Borzak4113
3:34 Loom
12:32 Feudal Age
17:04 Wheelbarrow
19:43 Castle Age
21:00 Double-Bit Axe
23:17 Forging
25:03 Bow Saw
25:08 Husbandry
27:10 Gold Mining
27:10 Stone Mining
31:16 Gold Shaft Mining
31:17 Town Watch
32:20 Hand Cart
32:29 Caravan
35:09 Town Patrol
39:06 Ballistics
38:58 Fortified Wall
38:59 Masonry
39:14 Ballistics
41:18 Iron Casting
40:49 Scale Barding Armor
44:04 Imperial Age
42:01 Scale Barding Armor
41:57 Fletching
44:44 Scale Mail Armor
45:04 Chain Barding Armor
44:40 Bodkin Arrow
45:47 Blast Furnace
45:12 Conscription
44:57 Chivalry
45:34 Hoardings
45:11 Elite Throwing Axeman
46:12 #83
46:13 Chain Mail Armor
46:33 Plate Barding Armor
45:42 Cavalier
47:41 Plate Mail Armor
47:15 Padded Archer Armor
48:20 Paladin
56:05 Leather Archer Armor
Boundless316
0:32 Loom
13:18 Feudal Age
14:50 Wheelbarrow
14:04 Double-Bit Axe
14:02 Horse Collar
19:48 Castle Age
21:01 Hand Cart
21:03 Bow Saw
22:43 Heavy Plow
35:58 Imperial Age
34:01 Treadmill Crane
35:21 Town Watch
36:39 Caravan
37:10 Coinage
36:47 Fletching
36:59 Padded Archer Armor
37:00 Scale Mail Armor
37:11 Forging
37:34 Conscription
37:55 Banking
37:41 Guilds
38:09 Squires
39:21 Two-Man Saw
38:33 Siege Engineers
40:13 Town Patrol
41:22 Chemistry
40:43 Ballistics
40:35 Masonry
40:35 Fortified Wall
41:06 Wagenburg Tactics
41:39 Bodkin Arrow
42:00 Leather Archer Armor
41:47 Pikeman
42:00 Elite Hussite Wagon
43:10 Bracer
43:27 Chain Mail Armor
43:47 Iron Casting
43:31 Halberdier
44:46 Ring Archer Armor
44:52 Arson
44:49 Houfnice
46:04 Elite Skirmisher
47:18 Plate Mail Armor
47:49 Blast Furnace
47:23 Architecture
46:52 Murder Holes
49:27 Scale Barding Armor
55:29 Arrowslits
56:06 Bombard Tower
55:37 Guard Tower
56:16 Chain Barding Armor
56:58 Husbandry
56:19 Cavalier
60:20 Light Cavalry
60:45 Onager
danielalejandrocrco
0:36 Loom
14:29 Feudal Age
15:09 Champi Runner
18:11 Wheelbarrow
18:10 Padded Archer Armor
18:01 Fletching
22:57 Double-Bit Axe
25:02 Scale Mail Armor
29:04 Forging
28:38 Horse Collar
36:10 Castle Age
35:22 Town Watch
36:57 Crossbowman
37:50 Thumb Ring
38:13 Hand Cart
39:45 Town Patrol
44:12 Imperial Age
42:43 Bow Saw
44:56 Heavy Plow
46:04 Two-Man Saw
44:56 Gold Mining
45:29 Block Printing
47:27 Crop Rotation
47:51 Coinage
47:43 Arbalester
49:02 Redemption
50:29 Elite Skirmisher
51:15 Bodkin Arrow
51:35 Leather Archer Armor
51:56 Iron Casting
51:37 Chain Mail Armor
52:31 Chemistry
51:51 Ballistics
51:12 Treadmill Crane
51:41 Guard Tower
53:02 Gold Shaft Mining
53:07 Bracer
54:53 Masonry
54:48 Siege Engineers
55:35 Conscription
55:13 Stone Mining
56:12 Fervor
56:03 Atonement
56:38 Herbalism
56:51 Huaracas
57:21 Plate Mail Armor
58:42 Sanctity
59:22 Illumination
59:49 Stone Shaft Mining
60:30 Devotion
63:38 Herbal Medicine
64:18 Theocracy
67:38 Keep
66:59 Murder Holes
67:34 Elite Guecha Warrior
Vega
2:00 Loom
15:21 Feudal Age
16:49 Wheelbarrow
16:05 Double-Bit Axe
16:03 Horse Collar
16:49 Gold Mining
18:31 Man-at-Arms
24:08 Forging
27:03 Castle Age
26:20 Stone Mining
26:39 Scale Mail Armor
27:31 Pikeman
28:21 Scale Barding Armor
29:44 Hand Cart
30:07 Gold Shaft Mining
29:49 Heavy Plow
37:02 Stone Shaft Mining
37:26 Chain Barding Armor
37:51 Squires
39:02 Husbandry
45:41 Imperial Age
43:02 Long Swordsman
45:34 Iron Casting
49:56 Two-Handed Swordsman
51:21 Onager
52:50 Ballistics
52:51 Chain Mail Armor
52:48 Halberdier
54:30 Conscription
58:18 Elite Cataphract
60:09 Chemistry
59:24 Heavy Camel Rider
60:41 Fortified Wall
61:01 Caravan
kokliii
0:41 Loom
15:45 Feudal Age
17:19 Wheelbarrow
16:35 Double-Bit Axe
18:41 Arson
19:16 Man-at-Arms
25:19 Stone Mining
30:06 Castle Age
29:29 Padded Archer Armor
29:20 Fletching
30:11 Scale Barding Armor
30:49 Gold Mining
32:29 Bow Saw
33:33 Leather Archer Armor
33:20 Horse Collar
35:54 Heavy Plow
36:00 Kamandaran
36:18 Leather Archer Armor
36:43 Husbandry
36:33 Crossbowman
39:23 Hand Cart
39:31 Thumb Ring
40:22 Bodkin Arrow
42:26 Ballistics
42:02 Murder Holes
43:29 Caravan
45:01 Chain Barding Armor
44:52 Forging
45:11 Chain Barding Armor
45:02 Forging
45:32 Bloodlines
49:38 Imperial Age
48:00 Town Watch
49:50 Iron Casting
52:16 Two-Man Saw
51:57 Gold Shaft Mining
50:52 Elite War Elephant
52:08 Hoardings
51:55 Conscription
51:46 Citadels
52:42 Stone Shaft Mining
52:43 Crop Rotation
53:29 Chemistry
54:18 Ring Archer Armor
53:23 Cavalier
54:35 Savar
57:26 Heavy Camel Rider
58:56 Plate Barding Armor
58:28 Scale Mail Armor
59:38 Blast Furnace
64:42 Devotion
chingon
12:30 Feudal Age
13:24 Double-Bit Axe
13:25 Horse Collar
22:32 Castle Age
21:39 Arson
22:11 Forging
22:53 Padded Archer Armor
22:43 Fletching
22:51 Stone Mining
22:55 Gold Mining
25:09 Scale Barding Armor
25:41 Iron Casting
25:02 Bodkin Arrow
25:23 Leather Archer Armor
25:57 Squires
26:45 Pikeman
27:24 Gambesons
28:45 Bow Saw
30:12 Wheelbarrow
32:04 Hand Cart
32:04 Heavy Plow
33:29 Elite Skirmisher
34:38 Chain Barding Armor
35:56 Gold Shaft Mining
36:43 Thumb Ring
40:24 Imperial Age
38:25 Loom
39:22 Husbandry
39:32 Bloodlines
39:51 Caravan
41:39 Town Watch
43:11 Two-Man Saw
44:13 Plate Barding Armor
44:39 Blast Furnace
43:39 Bracer
44:10 Ring Archer Armor
43:13 Heavy Camel Rider
45:26 Ballistics
46:07 Chemistry
45:13 Siege Engineers
45:32 Ballistics
45:26 Fortified Wall
45:51 Ring Archer Armor
51:52 Town Patrol
ali_mansour10
3:55 Loom
3:59 Loom
16:06 Feudal Age
17:33 Wheelbarrow
16:42 Horse Collar
16:59 Double-Bit Axe
17:34 Arson
18:23 Town Watch
20:43 Scale Mail Armor
20:55 Forging
25:30 Castle Age
26:00 Pikeman
27:35 Hand Cart
28:15 Squires
30:32 Stone Mining
30:49 Town Patrol
32:08 Bow Saw
33:31 Chain Mail Armor
34:06 Heavy Plow
35:31 Stone Shaft Mining
34:53 Gold Mining
36:28 Masonry
36:14 Murder Holes
37:38 Gold Shaft Mining
42:15 Imperial Age
40:15 Gambesons
40:33 Padded Archer Armor
40:24 Fletching
40:31 Stirrups
42:18 Ballistics
43:28 Conscription
42:30 Onager
44:20 Crop Rotation
44:55 Chemistry
45:16 Bloodlines
45:06 Husbandry
44:28 Light Cavalry
44:35 Siege Onager
45:13 Capped Ram
45:22 Halberdier
46:11 Scale Barding Armor
46:46 Iron Casting
46:53 Architecture
46:29 Siege Engineers
46:09 Siege Ram
50:27 Hussar
52:08 Plate Mail Armor
51:59 Chain Barding Armor
52:40 Blast Furnace
52:04 Elite Konnik
54:10 Plate Barding Armor
59:33 Caravan
61:50 Leather Archer Armor
DUREX
0:56 Loom
11:49 Feudal Age
13:11 Wheelbarrow
12:38 Double-Bit Axe
20:11 Man-at-Arms
20:38 Arson
26:31 Castle Age
27:53 Long Swordsman
30:34 Hand Cart
30:46 Bow Saw
30:52 Pikeman
31:33 Squires
31:17 Elite Skirmisher
35:03 Horse Collar
36:51 Chemistry
35:32 Treadmill Crane
36:13 Ballistics
40:21 Imperial Age
42:11 Two-Man Saw
41:06 Halberdier
42:31 Heavy Plow
42:54 Caravan
43:21 Capped Ram
45:17 Siege Engineers
45:16 Murder Holes
50:54 Houfnice
Connection lost

Rejoining the realm…

Still unreachable

The connection could not be restored.

Session expired

The server has moved on; the page needs a fresh start.